 Dungeon Sprint DCSS version 0.19-b1-4-gd8a0a2a (webtiles) character file.

17103 Groucho the Severer (level 12, -3/126 HPs)
             Began as a Deep Dwarf Fighter on Oct 31, 2016.
             Was the Champion of Makhleb.
             Killed from afar by an ice dragon (22 damage)
             ... with a blast of cold
             ... in the Dungeon (Sprint IX: "|||||||||||||||||||||||||||||").
             The game lasted 00:10:41 (1924 turns).

Groucho the Severer (Deep Dwarf Fighter)            Turns: 1924, Time: 00:10:41

Health: -3/126     AC: 31    Str: 24    XL:     12   Next: 15%
Magic:  21/21      EV:  7    Int: 10    God:    Makhleb [******]
Gold:   467        SH: 20    Dex: 12    Spells: 0 memorised, 11 levels left

rFire  + . .     SeeInvis .     q - +1 broad axe (freeze)
rCold  . . .     Gourm    .     B - +1 crystal plate armour
rNeg   . . .     Faith    .     C - +1 large shield
rPois  .         Spirit   .     (no helmet)
rElec  .         Reflect  .     z - +0 cloak
rCorr  .         Harm     .     a - +0 pair of gloves
MR     +....     NoTele   +     y - +0 pair of boots
Stlth  ..........               (no amulet)
                                s - ring of protection from fire
                                b - +2 ring of protection

@: non-regenerating, drained
A: damage resistance, recharge devices, sense surroundings 2, slow regeneration
3
a: Device Recharging, Minor Destruction, Lesser Servant of Makhleb, Major
Destruction, Greater Servant of Makhleb, Renounce Religion


You were in the Dungeon.
You worshipped Makhleb.
Makhleb was exalted by your worship.
You were not hungry.

You visited 1 branch You collected 1929 gold pieces.
You spent 1462 gold pieces at shops.

Inventory:

Hand Weapons
 q - a +1 broad axe of freezing (weapon)
Armour
 a - a +0 pair of gloves (worn)
 y - a +0 pair of boots (worn)
 z - a +0 cloak (worn)
 B - a +1 crystal plate armour (worn)
 C - a +1 large shield (worn)
Jewellery
 b - a +2 ring of protection (left hand)
 r - a +2 ring of protection
 s - a ring of protection from fire (right hand)
Wands
 e - a wand of heal wounds (4/9)
 p - a wand of lightning (1/15)
Scrolls
 l - 3 scrolls of blinking
 n - 5 scrolls of remove curse
 o - 2 scrolls of amnesia
 v - 2 scrolls of enchant armour
 w - 2 scrolls of recharging
 x - 2 scrolls of fog
 E - 2 scrolls of fear
Potions
 c - 4 potions of heal wounds
 d - a potion of might
 g - 4 potions of curing
 h - a potion of ambrosia {unknown}
 i - a potion of haste
 j - 4 potions of magic
 k - 5 potions of berserk rage
 t - a potion of brilliance
 A - a potion of lignification {unknown}
 D - a potion of resistance
Comestibles
 f - 13 bread rations
 m - 40 fruits
 u - 11 meat rations


   Skills:
 * Level 13.1(12.9) Fighting
 * Level 15.7(15.5) Axes
 * Level 15.3(15.1) Armour
 + Level 10.5(10.3) Dodging
 + Level 12.4(12.2) Shields
 * Level 9.3(9.1) Invocations
 - Level 13.7(13.5) Evocations


You had 11 spell levels left.
You didn't know any spells.

Dungeon Overview and Level Annotations

Branches:
Dungeon (1/1)

Altars:
Cheibriados
Dithmenos
Elyvilon
Fedhas
Gozag
Hepliaklqana
Kikubaaqudgha
Makhleb
Nemelex Xobeh
Okawaru
Qazlal
Ru
Sif Muna
Trog
Uskayaw
Vehumet
Xom
Yredelemnul
Zin
The Shining One
Beogh
Jiyva
Lugonu

Shops:
D %:[[

Annotations:
D Maurice


Innate Abilities, Weirdness & Mutations

You are resistant to damage.
You can recharge devices by infusing magical energy.
You passively map the area around you.
You do not regenerate.


Message History

Makhleb accepts your kill.
Your Invocations skill increases to level 9!
You hit something but do no damage. Something hits you but does no damage.
Something bites you but does no damage.
You barely miss something.
Unknown command.
You completely miss something.
The ice beast changes into a worm!
You block something's attack. Something bites you but does no damage.
You barely miss something. Something hits you but does no damage.
Something bites you but does no damage.
You slash something! You freeze something.
You hear some strange, mumbled words.
A bolt of negative energy appears from out of thin air!
The bolt of negative energy hits you!
You feel drained.
* * * LOW HITPOINT WARNING * * *
The ice dragon breathes frost at you.
The blast of cold hits something.
Reactivating autopickup.
You feel a bit more experienced. The blast of cold hits you!
You die...

, , , , *** * * * * * * * ,, ,,,
, , , , ,, * * ** * * * , , , ,,,
, , + ** * * * * * * ** , , , ,,
,,, ,, ,, ,,
*▓▓▓▓▓▓▓▓▓▓▓▓▓▓▓▓▓▓▓▓▓▓▓▓▓▓▓▓▓▓▓
H..JD{()()wJD[@........[[[[[[[[
▓▓▓▓▓▓▓▓▓▓▓▓▓▓▓▓▓▓▓▓▓▓▓▓▓▓▓▓▓▓▓▓▓
.................................
▓▓▓▓▓▓▓▓▓▓▓▓▓▓▓▓▓▓▓▓▓▓▓▓▓▓▓▓▓▓▓▓▓
....∩.∩.∩.∩.)))))....)......))...
▓▓▓▓▓▓▓▓▓▓▓▓▓▓▓▓▓▓▓▓▓▓▓▓▓▓▓▓▓▓▓▓▓
......)..........................
▓▓▓▓▓▓▓▓▓▓▓▓▓▓▓▓▓▓▓▓▓▓▓▓▓▓▓▓▓▓▓▓▓
..'..).........†.........'÷......


You could see an ice dragon, a large slime creature and a worm shaped shifter.

Vanquished Creatures
  Gastronok (D)
  A fire giant (D)
  A catoblepas (D)
  An ogre mage (D)
  Sonja (D)
  A wizard (D)
  A hill giant (D)
  A cyclops (D)
  5 orc knights (D)
  An ugly thing (D)
  A manticore (D)
  Psyche (D)
  Joseph (D)
  An elephant (D)
  5 spiny frogs (D)
  2 rime drakes (D)
  An efreet (D)
  3 tyrant leeches (D)
  2 hippogriffs (D)
  A blink frog (D)
  A yak (D)
  A basilisk (D)
  A vampire mosquito (D)
  2 water moccasins (D)
  A porcupine (D)
  An ice beast (D)
  A phantom (D)
  21 orc warriors (D)
  An ogre (D)
  5 crocodiles (D)
  2 bullfrogs (D)
  A crimson imp (D)
  5 orc priests (D)
  3 orc wizards (D)
  An iguana (D)
  A shadow imp (D)
  2 adder zombies (D)
  An adder skeleton (D)
  6 orcs (D)
  A bat zombie (D)
  A hobgoblin (D)
  A kobold (D)
  2 frilled lizards (D)
  A giant cockroach zombie (D)
  A leopard gecko skeleton (D)
  A leopard gecko zombie (D)
  A rat (D)
98 creatures vanquished.

Vanquished Creatures (collateral kills)
  A sky beast (D)
1 creature vanquished.

Vanquished Creatures (others)
  A vampire mage (D)
  A vampire (D)
2 creatures vanquished.

Grand Total: 101 creatures vanquished

Notes
Turn   | Place    | Note
-------+----------+-------------------------------------------
     0 | D        | Groucho the Deep Dwarf Fighter began the quest for the Orb.
     0 | D        | Reached XP level 1. HP: 20/20 MP: 1/1
    30 | D        | Noticed an ogre
    30 | D        | Noticed a crimson imp
    30 | D        | Noticed an orc wizard
    37 | D        | Killed an orc wizard
    37 | D        | Reached XP level 2. HP: 11/28 MP: 2/2
    37 | D        | Reached XP level 3. HP: 13/34 MP: 3/3
    51 | D        | Reached skill level 5 in Axes
    58 | D        | Killed an ogre
    58 | D        | Reached skill level 5 in Armour
    58 | D        | Reached skill level 5 in Shields
    58 | D        | Reached XP level 4. HP: 29/45 MP: 4/4
    79 | D        | Reached XP level 5. HP: 33/51 MP: 5/5
    85 | D        | Found a roughly hewn altar of Beogh.
    85 | D        | Found a snail-covered altar of Cheibriados.
    85 | D        | Found a shadowy altar of Dithmenos.
    85 | D        | Found a white marble altar of Elyvilon.
    85 | D        | Found a blossoming altar of Fedhas.
    85 | D        | Found an opulent altar of Gozag.
    86 | D        | Found a hazy altar of Hepliaklqana.
    87 | D        | Found a viscous altar of Jiyva.
    88 | D        | Found an ancient bone altar of Kikubaaqudgha.
    89 | D        | Found a corrupted altar of Lugonu.
    90 | D        | Found a burning altar of Makhleb.
    91 | D        | Found a sparkling altar of Nemelex Xobeh.
    92 | D        | Found an iron altar of Okawaru.
    93 | D        | Found a stormy altar of Qazlal.
    94 | D        | Found a sacrificial altar of Ru.
    95 | D        | Found a deep blue altar of Sif Muna.
    96 | D        | Found a bloodstained altar of Trog.
    97 | D        | Found a hide-covered altar of Uskayaw.
    98 | D        | Became a worshipper of Makhleb the Destroyer
    99 | D        | Found a radiant altar of Vehumet.
   100 | D        | Found a shimmering altar of Xom.
   101 | D        | Found a basalt altar of Yredelemnul.
   102 | D        | Found a glowing silver altar of Zin.
   103 | D        | Found a glowing golden altar of the Shining One.
   155 | D        | Noticed a yak
   155 | D        | Noticed a crocodile
   155 | D        | Noticed a hill giant
   159 | D        | Killed a hill giant
   159 | D        | Reached XP level 6. HP: 63/63 MP: 5/10
   159 | D        | Reached XP level 7. HP: 70/70 MP: 5/11
   167 | D        | Reached * piety under Makhleb
   178 | D        | Killed a yak
   178 | D        | Reached ** piety under Makhleb
   178 | D        | Reached skill level 10 in Axes
   183 | D        | Noticed a manticore
   191 | D        | Killed a manticore
   191 | D        | Reached XP level 8. HP: 81/81 MP: 9/14
   197 | D        | Reached *** piety under Makhleb
   197 | D        | Reached skill level 5 in Dodging
   244 | D        | Noticed Joseph
   256 | D        | Killed Joseph
   256 | D        | Reached skill level 10 in Armour
   348 | D        | Noticed a rime drake
   350 | D        | Reached **** piety under Makhleb
   354 | D        | Reached skill level 10 in Evocations
   356 | D        | Gained mutation: You passively map the area around you. [Deep Dwarf growth]
   356 | D        | Reached XP level 9. HP: 90/90 MP: 16/16
   361 | D        | Killed a rime drake
   365 | D        | Reached ***** piety under Makhleb
   376 | D        | Noticed a catoblepas
   379 | D        | Noticed a rime drake
   395 | D        | Killed a catoblepas
   412 | D        | Killed a rime drake
   427 | D        | Noticed a spiny frog
   427 | D        | Noticed a spiny frog
   427 | D        | Noticed an elephant
   436 | D        | Killed an elephant
   436 | D        | Reached skill level 10 in Fighting
   436 | D        | Reached XP level 10. HP: 84/102 MP: 17/19
   448 | D        | Killed a spiny frog
   451 | D        | Killed a spiny frog
   451 | D        | Reached ****** piety under Makhleb
   816 | D        | Noticed a spiny frog
   816 | D        | Noticed a spiny frog
   824 | D        | Reached skill level 10 in Shields
   829 | D        | Noticed a spiny frog
   829 | D        | Killed a spiny frog
   835 | D        | Killed a spiny frog
   862 | D        | Killed a spiny frog
  1048 | D        | Noticed Sonja
  1122 | D        | Killed Sonja
  1133 | D        | Noticed Psyche
  1148 | D        | Killed Psyche
  1242 | D        | Reached XP level 11. HP: 46/111 MP: 20/20
  1466 | D        | Found Lifoed's Armour Boutique.
  1466 | D        | Noticed an orc knight
  1466 | D        | Noticed an orc knight
  1466 | D        | Noticed an orc knight
  1468 | D        | Noticed an orc knight
  1479 | D        | Killed an orc knight
  1479 | D        | Reached skill level 1 in Invocations
  1489 | D        | Killed an orc knight
  1489 | D        | Killed an orc knight
  1490 | D        | Killed an orc knight
  1491 | D        | Noticed an orc knight
  1492 | D        | Found Gyx Paib's Antique Armour Shop.
  1510 | D        | Killed an orc knight
  1510 | D        | Reached skill level 5 in Invocations
  1514 | D        | Found Iniedyfe's Book Boutique.
  1518 | D        | Found Ozxoidd's Food Shop.
  1565 | D        | Bought a glowing crystal plate armour for 1462 gold pieces
  1663 | D        | Noticed Maurice
  1682 | D        | Noticed Gastronok
  1699 | D        | Killed Gastronok
  1699 | D        | Reached skill level 15 in Axes
  1824 | D        | Noticed a green ugly thing
  1824 | D        | Noticed a wizard
  1842 | D        | Reached skill level 10 in Dodging
  1846 | D        | Noticed a fire giant
  1847 | D        | Killed a green ugly thing
  1850 | D        | Noticed a vampire mage
  1851 | D        | Noticed an ice dragon
  1864 | D        | Killed a wizard
  1866 | D        | Noticed an ogre mage
  1873 | D        | Killed a fire giant
  1873 | D        | Reached skill level 15 in Armour
  1873 | D        | Reached XP level 12. HP: 88/123 MP: 21/21
  1919 | D        | Killed an ogre mage
  1924 | D        | Killed a vampire mage
  1924 | D        | Killed from afar by an ice dragon

Skill      XL: |  1  2  3  4  5  6  7  8  9 10 11 12 |
---------------+-------------------------------------+-----
Axes           | 4 7 9 10 11 12 13 15 | 15.7
Fighting       | 3 4 6 8 10 11 12 13 | 13.1
Armour         | 4 5 6 8 9 10 11 13 15 | 15.3
Shields        | 4 5 6 7 8 9 10 12 | 12.4
Dodging        | 3 4 5 7 8 10 | 10.5
Evocations     | 6 8 10 12 13 | 13.7
Invocations    | 8 9 |  9.3

Action                   |  1- 3 |  4- 6 |  7- 9 | 10-12 || total
-------------------------+-------+-------+-------+-------++-------
Melee: War axe           |    45 |    21 |       |       ||    66
       Broad axe         |       |     3 |    96 |   380 ||   479
Invok: Lesser Servant of |       |       |       |     2 ||     2
       Greater Servant o |       |       |       |     1 ||     1
 Abil: Device Recharging |       |       |       |     1 ||     1
Evoke: Wand              |     1 |       |     2 |     9 ||    12
  Use: Potion            |     1 |     2 |       |     6 ||     9
 Stab: Invisible         |       |       |     5 |       ||     5
  Eat: Pizza             |       |       |       |     1 ||     1
       Meat ration       |       |       |       |     1 ||     1
Armor: Scale mail        |    16 |     6 |       |       ||    22
       Chain mail        |       |       |    39 |    54 ||    93
       Crystal plate arm |       |       |       |    21 ||    21
Dodge: Dodged            |    16 |     8 |    22 |    88 ||   134
Block: Shield            |    26 |    11 |    38 |   117 ||   192
       Large shield      |       |       |       |    25 ||    25
